 Dungeon Crawl Stone Soup version 0.26-a0-1021-gda264ca44c (webtiles) character file.

Game seed: 1716377579379363465

8 runemasterragnar the Chiller (level 2, 0/26 HPs)
             Began as an Ogre Ice Elementalist on Dec 9, 2020.
             Slain by a gnoll
             ... wielding a +0 flail
              (16 damage)
             ... on level 1 of the Dungeon.
             The game lasted 00:01:13 (576 turns).

runemasterragnar the Chiller (Ogre Ice Elementalist) Turns: 576, Time: 00:01:14

Health: 0/26       AC:  3    Str: 11    XL:     2   Next: 8%
Magic:  4/5        EV: 10    Int: 16    God:
Gold:   28         SH:  0    Dex:  9    Spells: 5/6 levels left

rFire    . . .     SeeInvis .   e - +0 whip
rCold    . . .     Faith    .   (no shield)
rNeg     . . .     Spirit   .   a - +0 robe
rPois    .         Reflect  .   (helmet restricted)
rElec    .         Harm     .   (no cloak)
rCorr    .         Rampage  .   (gloves unavailable)
Will     .....                  (boots unavailable)
Stlth    ++........             (no amulet)
HPRegen  0.08/turn              (no ring)
MPRegen  0.09/turn              (no ring)

@: no status effects
A: large, unfitting armour, tough skin 1
a: no special abilities


You were on level 1 of the Dungeon.
You visited 1 branch of the dungeon, and saw 1 of its levels.

You collected 28 gold pieces.

Inventory:

Hand Weapons
 e - a +0 whip (weapon)
Armour
 a - a +0 robe (worn)
Jewellery
 f - an uncursed amulet of guardian spirit {unknown}
Scrolls
 c - a scroll of remove curse {unknown}
 d - a scroll of teleportation {unknown}
 g - a scroll of immolation {unknown}
 i - a scroll of fog {unknown}
Potions
 b - 2 potions of might {unknown}
 h - a potion of ambrosia {unknown}


   Skills:
 + Level 0.7 Fighting
 + Level 1.9 Dodging
 + Level 1.5 Stealth
 + Level 2.6 Spellcasting
 + Level 3.7 Ice Magic


You had 5 spell levels left.
You knew the following spells:

 Your Spells              Type           Power        Failure   Level
a - Freeze                Ice            ##..         4%          1

Your spell library contained the following spells:

 Spells                   Type           Power        Failure   Level
 Frozen Ramparts          Ice            ##....       13%         3
 Ozocubu's Armour         Ice            ##......     13%         3
 Hailstorm                Conj/Ice       #.......     65%         4
 Summon Ice Beast         Ice/Summ       #.......     65%         4


Dungeon Overview and Level Annotations

Branches:
Dungeon (1/15)

Altars:


Innate Abilities, Weirdness & Mutations

You are too large for most types of armour.
You have tough skin. (AC +1)


Message History

You barely miss the gnoll. The kobold hits you with a +0 whip.
The gnoll hits you with a +0 flail.
You hit the gnoll.
The gnoll is lightly wounded.
The kobold closely misses you. The gnoll hits you with a +0 flail.
There are monsters nearby!
You barely miss the gnoll.
The gnoll is lightly wounded.
The kobold hits you with a +0 whip. The gnoll hits you but does no damage.
The kobold barely misses you.
Casting: Freeze (safe; 4% risk of failure)
Confirm with . or Enter, or press ? or * to list all spells.
Aiming: Freeze (safe; 4% risk of failure)
Press: ? - help, Shift-Dir - straight line, f - gnoll
Aim: a gnoll, wielding a +0 flail (lightly wounded)
You freeze the gnoll.
The gnoll is moderately wounded.
The gnoll hits you with a +0 flail!
Ouch! That really hurt!
You die...

# ........#
####..# ........#
......# ........#
####.## ........#
# #.# # #.# #.# #
#.# #K# # #.# #g#
# #.# #@# # #.#
#.# # #.# #.# #
#.# #.#
####.###########.#
.................#
##################
# #########


You could see a gnoll and a kobold.

Vanquished Creatures
  2 goblins (D:1)
  A hobgoblin (D:1)
  3 bats (D:1)
  A frilled lizard (D:1)
  A rat (D:1)
8 creatures vanquished.

Notes
Turn   | Place    | Note
-------+----------+-------------------------------------------
     0 | D:1      | runemasterragnar the Ogre Ice Elementalist began the quest
                  | for the Orb.
     0 | D:1      | Reached XP level 1. HP: 16/16 MP: 3/3
   336 | D:1      | Reached XP level 2. HP: 26/26 MP: 5/5
   576 | D:1      | Slain by a gnoll

Illustrated notes

Levels and vault maps discovered:
D:1:      nicolae_arrival_washed_ashore, layout_loops_ring

Action                   || total
-------------------------++-------
Melee: Whip              ||    36
       Unarmed           ||     2
 Cast: Freeze            ||     2
 Stab: Sleeping          ||     1
Armor: Robe              ||    29
Dodge: Dodged            ||    38

Table legend: (Time is in decaauts)
 A = Elapsed time spent in this place.
 B = Non-inter-level travel time spent in this place.
 C = Inter-level travel time spent in this place.
 D = Time resting spent in this place.
 E = Time spent auto-exploring this place.
 F = Levels seen in this place.
 G = Mean time per level.
                   A        B        C        D        E       F      G
               +--------+--------+--------+--------+--------+-----+--------+
         Total |    579 |    579 |      0 |      0 |    457 |   1 |  579.0 |
       Dungeon |    579 |    579 |      0 |      0 |    457 |   1 |  579.0 |
               +--------+--------+--------+--------+--------+-----+--------+

Top non-repeatable levels by time:
     D:1: 579 daAuts
